[Event "*** Titled Tuesday Blitz"]
[Site "Chess.com"]
[Date "2020.04.07"]
[Round "8"]
[White "vinniethepooh"]
[Black "Andro2"]
[Result "1-0"]
[WhiteElo "2611"]
[BlackElo "2417"]
[TimeControl "180+1"]
[EndTime "14:31:18 PDT"]
[Termination "vinniethepooh won by resignation"]

1. d4 e6 2. c4 b6 3. e4 Bb7 4. Bd3 Bb4+ 5. Bd2 Bxd2+ 6. Qxd2 f5 7. Nc3 Nf6 8. f3 fxe4 9. fxe4 O-O 10. Nf3 Nc6 11. e5 Ng4 12. h3 Rxf3 13. Bxh7+ Kf8 14.
hxg4 Rf7 15. Bg6 1-0

[Event "*** Titled Tuesday Blitz"]
[Site "Chess.com"]
[Date "2020.04.07"]
[Round "8"]
[White "Frogo47"]
[Black "FeketeBarika"]
[Result "0-1"]
[WhiteElo "2481"]
[BlackElo "2301"]
[TimeControl "180+1"]
[EndTime "14:31:23 PDT"]
[Termination "FeketeBarika won on time"]

1. d4 e6 2. c4 Nf6 3. Nf3 d5 4. g3 Be7 5. Bg2 O-O 6. Ne5 c6 7. cxd5 cxd5 8. Nc3 Nbd7 9. Bf4 a6 10. Rc1 b5 11. a4 b4 12. Na2 Bb7 13. Nc6 Bxc6 14. Rxc6 a5 15. Qc2 Nh5 16. Bc7 Qe8 17. O-O Nb8 18. Rb6 Na6 19. Be5 Rc8 20. Qd3 Qxa4 0-1

[Event "*** Titled Tuesday Blitz"]
[Site "Chess.com"]
[Date "2020.04.07"]
[Round "8"]
[White "kayrakamer"]
[Black "GodDMuhammad"]
[Result "1-0"]
[WhiteElo "2475"]
[BlackElo "2314"]
[TimeControl "180+1"]
[EndTime "14:31:23 PDT"]
[Termination "kayrakamer won by resignation"]

1. Nf3 Nf6 2. d4 e6 3. c4 d5 4. Nc3 b6 5. Bg5 Nbd7 6. cxd5 exd5 7. Nxd5 Bb7 8. Nxf6+ Nxf6 9. a3 Be7 10. e3 O-O 11. Bd3 h6 12. Bh4 Re8 13. O-O Qd5 14. Rc1 c5 15. Bc4 Qh5 16. Bg3 cxd4 17. Nxd4 Qg6 18. Bd3 Be4 19. Be2 Rac8 20. Qa4 a5 21. Qb5 Qh5 22. Bxh5 1-0

[Event "*** Titled Tuesday Blitz"]
[Site "Chess.com"]
[Date "2020.04.07"]
[Round "8"]
[White "coalescenet"]
[Black "TheCavemanChesss"]
[Result "0-1"]
[WhiteElo "2345"]
[BlackElo "2596"]
[TimeControl "180+1"]
[EndTime "14:31:27 PDT"]
[Termination "TheCavemanChesss won by resignation"]

1. d4 Nf6 2. c4 e6 3. Nf3 d5 4. Nc3 Bb4 5. e3 O-O 6. a3 Bxc3+ 7. bxc3 c5 8. Bd3 Qa5 9. Bb2 cxd4 10. exd4 dxc4 11. Bxc4 b6 12. O-O Ba6 13. Bd3 Bxd3 14. Qxd3 Nbd7 15. a4 Rfc8 16. c4 Qb4 17. Rfb1 Qxc4 18.
Qe3 Nd5 19. Qe4 N7f6 20. Qh4 Qc2 21. Qg5 h6 22. Qh4 Ne4 23. Ne1 Qe2 24. Ba3 g5 0-1

[Event "*** Titled Tuesday Blitz"]
[Site "Chess.com"]
[Date "2020.04.07"]
[Round "8"]
[White "Azerichess"]
[Black "Zaven_ChessMood"]
[Result "1/2-1/2"]
[WhiteElo "3011"]
[BlackElo "2902"]
[TimeControl "180+1"]
[EndTime "14:31:29 PDT"]
[Termination "Game drawn by agreement"]

1. d4 d5 2. c4 c6 3. Nf3 Nf6 4. Qb3 dxc4 5. Qxc4 Bf5 6. g3 e6 7. Bg2 Be7 8. O-O O-O 9. Nc3 Nbd7 10. Re1 Ne4 11. a4 a5 12. Qb3 Qb6 13. Qxb6 Nxb6 14. Nh4 Bxh4 15. gxh4 Nf6 16. e4 Bg6 17. b3 Rfd8 18. Rd1 h6 19. f3 Nbd7 20. Be3 Rac8 21. Rd2 Bh5 22. Rad1 Nf8 23. Bf4 Ng6 24. Bg3 Nd7 25. Kf2 f5 26. exf5 exf5 27. Ne2 Nf6 1/2-1/2

[Event "*** Titled Tuesday Blitz"]
[Site "Chess.com"]
[Date "2020.04.07"]
[Round "8"]
[White "Ceejay271"]
[Black "Alopekos"]
[Result "1-0"]
[WhiteElo "2330"]
[BlackElo "2432"]
[TimeControl "180+1"]
[EndTime "14:31:29 PDT"]
[Termination "Ceejay271 won by resignation"]

1. d4 Nf6 2. c4 e6 3. Nc3 d5 4. cxd5 Nxd5 5. e4 Nxc3 6. bxc3 c5 7. Nf3 cxd4 8. cxd4 Bb4+ 9. Bd2 Bxd2+ 10. Qxd2 O-O 11.
Bc4 b6 12. O-O Bb7 13. Rfe1 Nd7 14. Rad1 Nf6 15. Qf4 Rc8 16. Bb3 Qc7 17. Qxc7 Rxc7 18. d5 exd5 19. exd5 Rd8 20. d6 Rc5 21. Re7 Bd5 22.
Bxd5 Rxd5 23. Rxd5 Nxd5 24. Rxa7 f6 25. d7 Kf7 26.
Nd4 Ne7 27. f4 1-0

[Event "*** Titled Tuesday Blitz"]
[Site "Chess.com"]
[Date "2020.04.07"]
[Round "8"]
[White "Semen_Khanin"]
[Black "diskeleven"]
[Result "1-0"]
[WhiteElo "2654"]
[BlackElo "2372"]
[TimeControl "180+1"]
[EndTime "14:31:33 PDT"]
[Termination "Semen_Khanin won by resignation"]

1. e4 c5 2. Nf3 e6 3. d4 cxd4 4.
Nxd4 a6 5. c4 Nf6 6. Nc3 Qc7 7.
a3 d6 8. Be2 Be7 9. Be3 O-O 10.
Rc1 Nbd7 11. b4 b6 12. O-O Bb7 13. f3 Rfc8 14. Qd2 Rab8 15. Rfd1 Qd8 16. Nb3 Qe8 17. Bf4 Ne5 18. c5 bxc5 19. bxc5 Nh5 20. cxd6 Nxf4 21. Qxf4 Bf6 22. Na5 Nd7 23. Nxb7 Bxc3 24. Bxa6 Rc6 25.
Bb5 Be5 26. Qxe5 Nxe5 27. Bxc6 Nxc6 28. d7 1-0

[Event "*** Titled Tuesday Blitz"]
[Site "Chess.com"]
[Date "2020.04.07"]
[Round "8"]
[White "tandaleo"]
[Black "omidnoroozi21"]
[Result "1-0"]
[WhiteElo "2354"]
[BlackElo "2545"]
[TimeControl "180+1"]
[EndTime "14:31:33 PDT"]
[Termination "tandaleo won by resignation"]

1. d4 d5 2. c4 e6 3. Nc3 a6 4. cxd5 exd5 5. Bf4 Nf6 6. Nf3 Bd6 7. Bg3 O-O 8. e3 c6 9. Bd3 Re8 10. O-O Bxg3 11.
hxg3 Nbd7 12. b4 Ne4 13. Bxe4 dxe4 14. Nd2 Nf6 15. Nc4 Nd5 16. Nxd5 cxd5 17. Nd2 Qe7 18. Qb3 Qd6 19. Rfc1 Bd7 20. Rc5 Bc6 21. Rac1 Rec8 22. a4 b6 23. R5c3 Bb7 24. a5 h5 25. axb6 Rxc3 26. Rxc3 Qxb6 27. Rc5 Bc6 28. Qc3 Bb7 29. Nb3 Rd8 30. Na5 Ba8 31. Rc8 Kh7 32. Qc7 Qxc7 33.
Rxc7 Rb8 34. Ra7 f6 35. Rxa6 Kg6 36. b5 1-0

[Event "*** Titled Tuesday Blitz"]
[Site "Chess.com"]
[Date "2020.04.07"]
[Round "8"]
[White "arctic_t00"]
[Black "JozefKneht"]
[Result "1-0"]
[WhiteElo "2429"]
[BlackElo "2564"]
[TimeControl "180+1"]
[EndTime "14:31:36 PDT"]
[Termination "arctic_t00 won by resignation"]

1. d4 d5 2. c4 e6 3. Nf3 Nf6 4. Nc3 Be7 5. Bf4 O-O 6. e3 c5 7.
cxd5 exd5 8. Be2 Nc6 9. O-O Be6 10. Rc1 Rc8 11. h3 a6 12. dxc5 Bxc5 13. Na4 Ba7 14. Nc5 Qe7 15. Nxe6 fxe6 16. Ne5 Nxe5 17. Bxe5 Ne4 18.
Rxc8 Rxc8 19. Bd3 Qg5 20. Bf4 Qf6 21. Bxe4 dxe4 22. Qd7 Rc2 23. Qxb7 Bc5 24. Qc8+ Kf7 25. b4 Bxe3 26. Qd7+ 1-0

[Event "*** Titled Tuesday Blitz"]
[Site "Chess.com"]
[Date "2020.04.07"]
[Round "8"]
[White "english_player_89"]
[Black "SanQui14"]
[Result "1-0"]
[WhiteElo "2489"]
[BlackElo "2315"]
[TimeControl "180+1"]
[EndTime "14:31:38 PDT"]
[Termination "english_player_89 won by resignation"]

1. e4 e6 2. d4 d5 3. exd5 exd5 4. Nf3 Nc6 5. Nc3 Bg4 6. Be3 Qd7 7. h3 Bf5 8. Bb5 f6 9. Qe2 O-O-O 10. a3 g5 11. b4 h5 12. Nd2 Bxc2 13. Rc1 Bf5 14.
Na4 Nge7 15. Nc5 Qd6 16. Ba6 Re8 17. Nxb7 Kd7 18. Nxd6 Kxd6 19. Bb5 Bd7 20. Qf3 Nf5 21. Bxc6 Nxe3 22. fxe3 Bxc6 23. Qxf6+ Re6 24. Rxc6+ 1-0

[Event "*** Titled Tuesday Blitz"]
[Site "Chess.com"]
[Date "2020.04.07"]
[Round "8"]
[White "RojonR"]
[Black "kai_nov"]
[Result "0-1"]
[WhiteElo "2384"]
[BlackElo "2238"]
[TimeControl "180+1"]
[EndTime "14:31:43 PDT"]
[Termination "kai_nov won by resignation"]

1. e4 c5 2. Nf3 Nc6 3. d4 cxd4 4. Nxd4 Nf6 5. Nc3 e5 6. Nf5 d5 7. exd5 Bxf5 8. dxc6 bxc6 9. Qf3 Qd7 10. Bg5 e4 11. Qe2 Be7 12. h3 O-O 13. g4 Bg6 14. Bg2 Nd5 15. Bd2 Rab8 16. Rb1 e3 17. fxe3 Bh4+ 18. Kf1 Bxc2 19. Ra1 Nxc3 0-1

[Event "*** Titled Tuesday Blitz"]
[Site "Chess.com"]
[Date "2020.04.07"]
[Round "8"]
[White "Maili15"]
[Black "MisiekZielony"]
[Result "0-1"]
[WhiteElo "2261"]
[BlackElo "2145"]
[TimeControl "180+1"]
[EndTime "14:31:44 PDT"]
[Termination "MisiekZielony won by resignation"]

1. d4 d5 2. c4 c6 3. Nf3 Nf6 4.
Nc3 dxc4 5. a4 a5 6. e4 Bg4 7. Bxc4 e6 8. O-O Bb4 9. Re1 Nbd7 10. Bg5 h6 11. Bh4 Qb6 12. Qd3 Bxf3 13. gxf3 g5 14. Bg3 Nh5 15. Qe3 Nxg3 16. fxg3 e5 17. Ne2 exd4 18.
Nxd4 Bc5 19. Rad1 Ne5 20. Be2 O-O-O 21. f4 Rxd4 0-1

[Event "*** Titled Tuesday Blitz"]
[Site "Chess.com"]
[Date "2020.04.07"]
[Round "8"]
[White "chessintuit"]
[Black "Slovak_fighter2000"]
[Result "0-1"]
[WhiteElo "2603"]
[BlackElo "2500"]
[TimeControl "180+1"]
[EndTime "14:31:46 PDT"]
[Termination "Slovak_fighter2000 won by resignation"]

1. e4 e6 2. d4 d5 3. Nc3 Nf6 4. Bg5 Be7 5. e5 Nfd7 6. Bxe7 Qxe7 7. f4 O-O 8. Bd3 c5 9. Nb5 Nc6 10. Nf3 f6 11. O-O fxe5 12. Nxe5 Ndxe5 13. dxe5 c4 14. Bxh7+ Kxh7 15. Nd6 g6 16. Rf3 Kg7 17. Rg3 Qh4 18.
Rg4 Qh5 19. Qf3 Nxe5 20. fxe5 Rxf3 21. Ne8+ Kf7 22. Nd6+ Ke7 23. gxf3 Qxe5 24. Nb5 Qxb2 25. Re1 Qxb5 26. Rxg6 Bd7 27. Rg7+ Kd6 28. f4 Qc5+ 29. Kh1 Rf8 30. f5 0-1

[Event "*** Titled Tuesday Blitz"]
[Site "Chess.com"]
[Date "2020.04.07"]
[Round "8"]
[White "StarkAst"]
[Black "MathiasWomacka"]
[Result "0-1"]
[WhiteElo "2572"]
[BlackElo "2431"]
[TimeControl "180+1"]
[EndTime "14:31:47 PDT"]
[Termination "MathiasWomacka won by resignation"]

1. e4 c5 2. Nc3 Nc6 3. Nf3 e5 4. Bc4 Be7 5. O-O d6 6. d3 Nf6 7. Ng5 O-O 8. f4 exf4 9. Bxf4 h6 10. Nf3 Be6 11. Nd5 Nb4 12. Nxe7+ Qxe7 13. e5 dxe5 14.
Bxe5 Bxc4 15. dxc4 Nc6 16. Bc3 Qe3+ 17. Kh1 Ne4 18. Qe1 Qxe1 19. Bxe1 Rad8 20. Bf2 Nb4 21. Rae1 Rfe8 22. Kg1 Nxc2 23. Re2 Nxf2 24. Rxc2 Ng4 25.
Rfc1 f5 26. h3 Ne5 27. Rf2 Nd3 0-1

[Event "*** Titled Tuesday Blitz"]
[Site "Chess.com"]
[Date "2020.04.07"]
[Round "8"]
[White "Budisavljevic"]
[Black "Euwe1234"]
[Result "0-1"]
[WhiteElo "2439"]
[BlackElo "2191"]
[TimeControl "180+1"]
[EndTime "14:31:54 PDT"]
[Termination "Euwe1234 won on time"]

1. d4 Nf6 2. Nf3 d5 3. Bf4 e6 4. e3 Bd6 5. Bg3 c5 6. c3 O-O 7. Nbd2 Nc6 8. Bd3 b6 9. e4 dxe4 10. Nxe4 Be7 11. Qe2 cxd4 12. Nxf6+ Bxf6 13. Qe4 g6 14.
Qxc6 dxc3 15. Rd1 cxb2 16. O-O Bd7 17. Qe4 Qc8 18. Be5 Bc6 19. Qd4 Bxf3 20. Bxf6 Bxd1 21.
Rxd1 Qc1 22. Bb1 Rac8 23. h4 Qxd1+ 24. Qxd1 Rc1 25. Qxc1 bxc1=Q+ 0-1

[Event "*** Titled Tuesday Blitz"]
[Site "Chess.com"]
[Date "2020.04.07"]
[Round "8"]
[White "drinbet"]
[Black "LADIESGET2KNOWME"]
[Result "0-1"]
[WhiteElo "2282"]
[BlackElo "2446"]
[TimeControl "180+1"]
[EndTime "14:31:57 PDT"]
[Termination "LADIESGET2KNOWME won by resignation"]

1. e4 e6 2. d3 d5 3. Nd2 Nf6 4. Ngf3 Bc5 5. d4 Be7 6. e5 Nfd7 7. Bd3 c5 8. c3 Nc6 9. O-O g5 10. dxc5 Bxc5 11. Nb3 Be7 12. Re1 g4 13. Nfd4 Ndxe5 14. Bb5 Bd7 15. Bxc6 Nxc6 16. Nxc6 bxc6 17. Qxg4 h5 18.
Qf3 c5 19. Bf4 Qb6 20. Be5 Rg8 21. Re2 Bc6 22. Qxh5 d4 23. f3 O-O-O 24. cxd4 cxd4 25. Kh1 d3 26. Rd2 Qe3 27. Bg3 Bf6 28. Qc5 Qxc5 29. Nxc5 Rxg3 30. hxg3 Rh8+ 0-1

[Event "*** Titled Tuesday Blitz"]
[Site "Chess.com"]
[Date "2020.04.07"]
[Round "8"]
[White "kasparicy"]
[Black "pedromartinez91"]
[Result "1-0"]
[WhiteElo "2340"]
[BlackElo "2481"]
[TimeControl "180+1"]
[EndTime "14:31:58 PDT"]
[Termination "kasparicy won by resignation"]

1. e4 c5 2. Nf3 Nc6 3. d4 cxd4 4. Nxd4 g6 5. Nc3 Bg7 6. Be3 Nf6 7. Nb3 O-O 8. Be2 d6 9. O-O Bd7 10. f4 Rc8 11. Bf3 a6 12. Qe1 Bg4 13. Rd1 Bxf3 14. Rxf3 Ng4 15. Bc1 Qb6+ 16. Kh1 Nb4 17. Qh4 h5 18. h3 Nf6 19. e5 dxe5 20. fxe5 Nh7 21. Be3 Qe6 22. Qxb4 Rc4 23. Qxb7 g5 24. Qd5 Qc8 25.
Bc5 Rh4 26. Bxe7 g4 27. Bxh4 gxf3 28. Qxf3 1-0

[Event "*** Titled Tuesday Blitz"]
[Site "Chess.com"]
[Date "2020.04.07"]
[Round "8"]
[White "mbojan"]
[Black "AlleyOoper"]
[Result "1-0"]
[WhiteElo "2691"]
[BlackElo "2501"]
[TimeControl "180+1"]
[EndTime "14:31:59 PDT"]
[Termination "mbojan won by resignation"]

1. e4 c6 2. d4 d5 3. Nc3 dxe4 4. Nxe4 Nf6 5. Nxf6+ exf6 6. c3 Bd6 7. Bd3 O-O 8. Ne2 Re8 9. Qc2 h5 10. O-O h4 11. h3 Nd7 12. Bd2 Nf8 13. Rae1 Be6 14. f4 c5 15. f5 Bd7 16. d5 b5 17. b3 Rc8 18. c4 Rb8 19. Qd1 bxc4 20. bxc4 Rb2 21.
Nf4 Rxe1 22. Qxe1 Qc7 23. Bc1 Rxa2 24. Qxh4 Bxf4 25. Bxf4 Qa5 26. Qg3 Nh7 27. Bh6 Ng5 28. Bxg5 fxg5 29. Qb8+ Kh7 30. f6+ g6 31. Qf8 Rxg2+ 32.
Kxg2 Qd2+ 33. Kh1 1-0

[Event "*** Titled Tuesday Blitz"]
[Site "Chess.com"]
[Date "2020.04.07"]
[Round "8"]
[White "guilhermedeola"]
[Black "poliplaza"]
[Result "0-1"]
[WhiteElo "2144"]
[BlackElo "2374"]
[TimeControl "180+1"]
[EndTime "14:31:59 PDT"]
[Termination "poliplaza won by resignation"]

1. c4 e5 2. Nc3 Nf6 3. g3 d5 4.
cxd5 Nxd5 5. Bg2 Nb6 6. e3 Be7 7. Nge2 O-O 8. O-O Nc6 9. d4 exd4 10. exd4 Bg4 11. Be3 Nc4 12. Qc1 Re8 13. Nf4 Nxe3 14. Qxe3 Bg5 15. Qd3 Qxd4 16. Qxd4 Nxd4 17. Bxb7 Rab8 18.
Bd5 Bxf4 19. gxf4 Rxb2 20. Rfe1 Rxe1+ 21. Rxe1 Kf8 22. f3 Bxf3 23. Bxf3 Nxf3+ 0-1

[Event "*** Titled Tuesday Blitz"]
[Site "Chess.com"]
[Date "2020.04.07"]
[Round "8"]
[White "RestartingChess"]
[Black "Dare-Dare"]
[Result "1-0"]
[WhiteElo "2376"]
[BlackElo "2167"]
[TimeControl "180+1"]
[EndTime "14:32:00 PDT"]
[Termination "RestartingChess won by checkmate"]

1. e4 e6 2. d4 d5 3. exd5 exd5 4. c4 Nf6 5. Nc3 dxc4 6. Bxc4 Nbd7 7. Nge2 Nb6 8. Bb3 c6 9. O-O h6 10. h3 Be7 11.
Ng3 O-O 12. Be3 Nbd5 13. Bxd5 Nxd5 14. Qb3 Nb6 15. Rad1 Be6 16. Qc2 Qc7 17. Nf5 Bf6 18.
Ne4 Nd5 19. Neg3 Rad8 20. Nh5 Qd7 21. Nxh6+ gxh6 22. Bxh6 Rfe8 23. Rd3 Bf5 24. Rg3+ Kh8 25. Nxf6 Bxc2 26. Bg7# 1-0

[Event "*** Titled Tuesday Blitz"]
[Site "Chess.com"]
[Date "2020.04.07"]
[Round "8"]
[White "Pavlov_Sergey"]
[Black "varacalli"]
[Result "1-0"]
[WhiteElo "2563"]
[BlackElo "2404"]
[TimeControl "180+1"]
[EndTime "14:32:04 PDT"]
[Termination "Pavlov_Sergey won by resignation"]

1. c4 Nf6 2. Nf3 g6 3. g3 Bg7 4.
Bg2 O-O 5. d4 d6 6. O-O Nc6 7. Nc3 Bg4 8. h3 Bxf3 9. Bxf3 Nd7 10. e3 e5 11. dxe5 Ndxe5 12. Be2 Na5 13. Qa4 Nac6 14. Rb1 Qd7 15. Kh2 f5 16. Nd5 Kh8 17. b3 Rae8 18. Bb2 a6 19. b4 Rc8 20. Qb3 Ne7 21. Rbc1 Rce8 22. Rfd1 N5c6 23. a4 Nc8 24. b5 axb5 25. cxb5 h5 26. bxc6 bxc6 27. Bxg7+ Kxg7 28. Qc3+ Kh6 29. Qxc6 Qe6 30. Nxc7 Qa2 31. Rc2 Qxc2 32. Qxc2 1-0

[Event "*** Titled Tuesday Blitz"]
[Site "Chess.com"]
[Date "2020.04.07"]
[Round "8"]
[White "steepedgames"]
[Black "francyIM"]
[Result "0-1"]
[WhiteElo "2440"]
[BlackElo "2657"]
[TimeControl "180+1"]
[EndTime "14:32:07 PDT"]
[Termination "francyIM won by resignation"]

1. d4 Nf6 2. Nf3 e6 3. Bg5 c5 4. e3 h6 5. Bh4 Qb6 6. Qc1 d5 7.
c3 Nc6 8. Bd3 Be7 9. O-O O-O 10.
Nbd2 Bd7 11. dxc5 Qxc5 12. e4 dxe4 13. Nxe4 Nxe4 14. Bxe7 Nxe7 15. Bxe4 Bc6 16. Bxc6 Nxc6 17. Qf4 e5 18. Qf5 Rad8 19. Rad1 Qe7 20. Rfe1 Rxd1 21. Rxd1 Rd8 22. Re1 g6 23. Qe4 f5 24. Qc4+ Qf7 25.
Qxf7+ Kxf7 26. Kf1 e4 27. Ng1 Ne5 28. f3 Rd2 29.
Re2 Rd1+ 30. Re1 Rxe1+ 31. Kxe1 Nd3+ 32. Kd2 exf3 33. Nxf3 Nxb2 34. Ne5+ Kf6 35. Nd7+ Ke7 36. Ne5 g5 37. Kc2 Ke6 38. Ng4 Nc4 39. Nxh6 Ne3+ 40.
Kd3 Nxg2 41. c4 Nf4+ 42. Kd4 Ng6 43. c5 Ne7 44. a4 Kf6 0-1

[Event "*** Titled Tuesday Blitz"]
[Site "Chess.com"]
[Date "2020.04.07"]
[Round "8"]
[White "cukin84"]
[Black "norwaytoadog"]
[Result "0-1"]
[WhiteElo "2102"]
[BlackElo "2270"]
[TimeControl "180+1"]
[EndTime "14:32:08 PDT"]
[Termination "norwaytoadog won by checkmate"]

1. e4 e5 2. Nf3 Nc6 3. c3 Nf6 4. d4 Nxe4 5. d5 Bc5 6. dxc6 Bxf2+ 7. Ke2 Bb6 8. Qd5 Nf2 9. cxb7 Bxb7 10. Qxb7 O-O 11.
Be3 Bxe3 12. Kxe3 Ng4+ 13. Ke2 Rb8 14. Qe4 Rxb2+ 15. Nbd2 f5 16. Qc4+ d5 17. Qa4 e4 18.
Nd4 e3 19. Nf3 exd2 20. Rd1 Re8+ 21. Ne5 Rxe5+ 22. Kf3 Re3+ 23. Kf4 Qd6+ 24. Kg5 Qg6+ 25. Kh4 Qh6# 0-1

[Event "*** Titled Tuesday Blitz"]
[Site "Chess.com"]
[Date "2020.04.07"]
[Round "8"]
[White "gena217"]
[Black "temus_galaktionov"]
[Result "1-0"]
[WhiteElo "2942"]
[BlackElo "2758"]
[TimeControl "180+1"]
[EndTime "14:32:10 PDT"]
[Termination "gena217 won by resignation"]

1. e4 c6 2. d4 g6 3. c4 Bg7 4. Nc3 d6 5. Be2 Nd7 6. Be3 e5 7. d5 c5 8. g4 f6 9. h4 Ne7 10.
h5 Kf7 11. Bd3 a6 12. Nge2 Rb8 13. Ng3 Qa5 14. Bd2 Qc7 15. Qf3 Ke8 16. h6 Bf8 17.
Kf1 Rg8 18. g5 fxg5 19. Bxg5 Nb6 20. Kg2 Qd7 21. Rh4 Na4 22. Nd1 b5 23. cxb5 axb5 24.
b3 Nb6 25. Ne3 Ba6 26. Ng4 Nexd5 27. exd5 Be7 28. Bxe7 Kxe7 29. Nf6 Rgf8 30. Nxd7 Rxf3 31. Nxb8 Rxd3 32. Nxa6 Nxd5 33. a4 Nf4+ 34. Rxf4 exf4 35. Ne4 Rxb3 36. a5 Kd7 37. Naxc5+ 1-0

[Event "*** Titled Tuesday Blitz"]
[Site "Chess.com"]
[Date "2020.04.07"]
[Round "8"]
[White "ValentinDragnev"]
[Black "Noam_Vitenberg"]
[Result "0-1"]
[WhiteElo "2704"]
[BlackElo "2479"]
[TimeControl "180+1"]
[EndTime "14:32:11 PDT"]
[Termination "Noam_Vitenberg won by checkmate"]

1. d4 Nf6 2. c4 e6 3. Nc3 d5 4. Nf3 Bb4 5. e3 O-O 6. Bd2 b6 7. cxd5 exd5 8. Rc1 c6 9. Bd3 Bd6 10. O-O Ba6 11. Bxa6 Nxa6 12. Qa4 Qc8 13. Ne2 c5 14.
dxc5 Nxc5 15. Qd4 Qa6 16. Nc3 Rad8 17. Rfd1 Nd3 18. Rb1 Rfe8 19. Be1 Nxe1 20. Nxe1 Be5 21. Qd3 Qc4 22. a3 Bxh2+ 23. Kxh2 Qh4+ 24. Kg1 Ng4 25. Rd2 Qh2+ 26. Kf1 d4 27. Ne4 Ne5 28. Qe2 Qh1# 0-1

[Event "*** Titled Tuesday Blitz"]
[Site "Chess.com"]
[Date "2020.04.07"]
[Round "8"]
[White "SavelijTartakover"]
[Black "Moon_stone123"]
[Result "0-1"]
[WhiteElo "2605"]
[BlackElo "2504"]
[TimeControl "180+1"]
[EndTime "14:32:11 PDT"]
[Termination "Moon_stone123 won by resignation"]

1. d4 Nf6 2. c4 g6 3. Nc3 Bg7 4. e4 d6 5. Be2 O-O 6. Bg5 c5 7. d5 e6 8. Qd2 exd5 9. exd5 a6 10. a4 Nbd7 11. Nf3 Re8 12. O-O Ne5 13. Nxe5 Rxe5 14. Rfe1 Qc7 15. Bf1 Rxe1 16. Rxe1 Bf5 17. h3 h5 18. Qf4 Qd7 19. Qh4 Nh7 20. Re7 Qd8 21. g4 Nxg5 22. Qxg5 Kf8 23. Rxf7+ Kxf7 0-1

[Event "*** Titled Tuesday Blitz"]
[Site "Chess.com"]
[Date "2020.04.07"]
[Round "8"]
[White "CzechmVIII"]
[Black "ChadBiryani"]
[Result "1-0"]
[WhiteElo "2244"]
[BlackElo "2356"]
[TimeControl "180+1"]
[EndTime "14:32:12 PDT"]
[Termination "CzechmVIII won by resignation"]

1. e4 c5 2. Nf3 d6 3. Nc3 Nf6 4. d4 cxd4 5. Nxd4 g6 6. Be3 a6 7. f3 b5 8. Qd2 h6 9. b4 Bb7 10. a4 e5 11. Nb3 d5 12. Na5 Bxb4 13. Nxb7 Qc7 14. Bc5 Bxc5 15. Nxc5 Qxc5 16. Nxd5 Nxd5 17. Qxd5 Qc3+ 18. Kf2 Qxa1 19. Bxb5+ axb5 20. Rxa1 Ra7 21. Qxe5+ 1-0

[Event "*** Titled Tuesday Blitz"]
[Site "Chess.com"]
[Date "2020.04.07"]
[Round "8"]
[White "Micki-taryan"]
[Black "Hikaru"]
[Result "1-0"]
[WhiteElo "3098"]
[BlackElo "3251"]
[TimeControl "180+1"]
[EndTime "14:32:13 PDT"]
[Termination "Micki-taryan won by resignation"]

1. d4 Nf6 2. Nf3 g6 3. g3 Bg7 4. Bg2 O-O 5. O-O d6 6. c4 Nc6 7. Nc3 Bg4 8. h3 Bxf3 9. Bxf3 Nd7 10. e3 e5 11. d5 Ne7 12. e4 f5 13. Bg2 f4 14. h4 h5 15. Bh3 Kh7 16. Kh2 Bh6 17.
g4 hxg4 18. Qxg4 Nf6 19. Qf3 Bg7 20. Rg1 Rh8 21. Be6 a6 22. a4 Qe8 23. Bd2 Nc6 24.
Rg2 Nd4 25. Qh3 Nh5 26. Rag1 Bf6 27. Rxg6 Qxg6 28. Rxg6 Kxg6 29. Qg4+ Kh7 30. Qxh5+ Kg7 31. Qf7+ 1-0

[Event "*** Titled Tuesday Blitz"]
[Site "Chess.com"]
[Date "2020.04.07"]
[Round "8"]
[White "Sawyer2908"]
[Black "Schachmalanders"]
[Result "1-0"]
[WhiteElo "2538"]
[BlackElo "2343"]
[TimeControl "180+1"]
[EndTime "14:32:13 PDT"]
[Termination "Sawyer2908 won by resignation"]

1. e4 c5 2. Nf3 d6 3. Bb5+ Bd7 4. Bxd7+ Nxd7 5. O-O Ngf6 6. Re1 g6 7. c3 Bg7 8. d4 cxd4 9. cxd4 O-O 10. Nc3 e5 11. d5 h6 12. b3 Rc8 13. Bb2 Nc5 14. Rc1 Nh5 15. b4 Nd7 16. g3 f5 17. exf5 Rxf5 18. g4 Rxf3 19. Qxf3 Nf4 20. Ne4 Rxc1 21. Bxc1 Nf6 22.
Bxf4 exf4 23. Nxf6+ Qxf6 24. Re6 Qa1+ 25. Kg2 Kh7 26. Qd3 Bf6 27. Rxd6 Qe5 28. Re6 f3+ 29. Qxf3 1-0

[Event "*** Titled Tuesday Blitz"]
[Site "Chess.com"]
[Date "2020.04.07"]
[Round "8"]
[White "violetflower04"]
[Black "VinzentSpitzl"]
[Result "1-0"]
[WhiteElo "2224"]
[BlackElo "2334"]
[TimeControl "180+1"]
[EndTime "14:32:15 PDT"]
[Termination "violetflower04 won by resignation"]

1. b3 Nf6 2. Bb2 g6 3. e3 Bg7 4. Nf3 O-O 5. d4 d5 6. Be2 c5 7. O-O Nc6 8. c4 cxd4 9. exd4 Bg4 10. h3 Bf5 11. Nc3 Rc8 12. Rc1 dxc4 13. bxc4 Qd7 14.
g4 Be4 15. Ng5 Qxd4 16. Qb3 Na5 17. Qa3 Qb6 18. Ncxe4 Nxe4 19. Bxg7 Nxg5 20. Bxf8 Kxf8 21. c5 Qc6 22. f4 Ne4 23. Qxa5 Ng3 24. Bf3 Qe4 25.
Bxe4 1-0

[Event "*** Titled Tuesday Blitz"]
[Site "Chess.com"]
[Date "2020.04.07"]
[Round "8"]
[White "EnergeticHay"]
[Black "czasnaszachy"]
[Result "0-1"]
[WhiteElo "2179"]
[BlackElo "2328"]
[TimeControl "180+1"]
[EndTime "14:32:17 PDT"]
[Termination "czasnaszachy won by resignation"]

1. e4 c5 2. Nf3 d6 3. d4 cxd4 4. Nxd4 Nf6 5. Nc3 a6 6. h3 e6 7.
g4 h6 8. Bg2 g5 9. O-O Nbd7 10. a4 Qc7 11. Be3 Be7 12. Qd2 Ne5 13. Qe2 Bd7 14. f4 gxf4 15. Bxf4 O-O-O 16. Nb3 Rdg8 17. a5 Bc6 18. Na4 h5 19. Nb6+ Kb8 20. g5 Nfd7 21. Nxd7+ Bxd7 22. h4 Bb5 23. Qe3 Bxf1 24. Bxf1 f6 25. Nd4 fxg5 26. hxg5 Qc5 27. c3 Bxg5 28. Bxg5 Rxg5+ 29. Kh1 Rhg8 30. b4 Rg1+ 31. Qxg1 Rxg1+ 32. Kxg1 Qxc3 33. Rd1 Ng4 34. Nxe6 Qg3+ 35. Bg2 Qh2+ 36.
Kf1 Ne3+ 0-1

[Event "*** Titled Tuesday Blitz"]
[Site "Chess.com"]
[Date "2020.04.07"]
[Round "8"]
[White "mishanick"]
[Black "Elshan1985"]
[Result "0-1"]
[WhiteElo "2983"]
[BlackElo "2711"]
[TimeControl "180+1"]
[EndTime "14:32:19 PDT"]
[Termination "Elshan1985 won by resignation"]

1. d4 e6 2. c4 Bb4+ 3. Nd2 Nf6 4. Nf3 O-O 5. a3 Bxd2+ 6. Qxd2 b6 7. e3 Bb7 8. b4 a5 9. b5 d6 10. Bb2 Nbd7 11. Be2 Ne4 12. Qc2 f5 13. O-O Qe7 14. a4 Ng5 15. Ne1 Nh3+ 16. Kh1 Qh4 17. Bf3 Bxf3 18.
Nxf3 Qh5 19. c5 bxc5 20. dxc5 Nxc5 21. Ba3 Ne4 22. Nd4 Nhg5 23. Rac1 f4 24. exf4 Rxf4 25.
Kg1 Rh4 26. f3 Rxh2 27. fxe4 Qh4 0-1

[Event "*** Titled Tuesday Blitz"]
[Site "Chess.com"]
[Date "2020.04.07"]
[Round "8"]
[White "BakaPG"]
[Black "bait_or_mate"]
[Result "1-0"]
[WhiteElo "2677"]
[BlackElo "2493"]
[TimeControl "180+1"]
[EndTime "14:32:20 PDT"]
[Termination "BakaPG won by resignation"]

1. e4 c5 2. Nf3 e6 3. c3 Nf6 4. e5 Nd5 5. d4 cxd4 6. cxd4 d6 7. exd6 Bxd6 8. Nc3 O-O 9. Bd3 Nf4 10. Bxf4 Bxf4 11. Qe2 g6 12. O-O Nc6 13. Rad1 Qa5 14. Bc4 Ne7 15.
Qe4 Bh6 16. Ne5 Rb8 17. Qf3 b5 18. Bb3 Bg7 19. Ne4 Bb7 20. Nf6+ Kh8 21. Qf4 Nf5 22. Nfd7 Qc7 23. Nxg6+ 1-0